 Seeded DCSS version 0.30-a0-862-g1aabd4f9c5 (webtiles) character file.

Game seed: 6166723122682600453 (custom seed)

3198 Mickster the Cutter (level 9, -5/74 HPs)
             Began as a Demigod Fighter on Mar 9, 2023.
             Slain by Prince Ribbit (21 damage)
             ... on level 7 of the Dungeon.
             The game lasted 01:23:14 (6313 turns).

Mickster the Cutter (Demigod Fighter)               Turns: 6313, Time: 01:23:15

Health: -5/74      AC: 20    Str: 25    XL:     9   Next: 38%
Magic:  0/11       EV:  8    Int: 10    God:
Gold:   305        SH:  8    Dex: 17    Spells: 7/8 levels left

rFire   + . .      SeeInvis .    a - +0 war axe (flame)
rCold   . . .      Faith    .    y - orb {mayhem}
rNeg    . . .      Spirit   +    F - +0 plate armour
rPois   .          Reflect  .    (no helmet)
rElec   .          Rampage  .    w - +0 cloak
rCorr   .                        f - +0 pair of gloves
Will    .....                    l - +0 pair of boots Stlth
                                 A - brooch of Shielding {Spirit SH+8}
HPRegen 0.32/turn                t - +4 ring of protection
MPRegen 0.12/turn                z - ring of protection from fire

@: lethally poisoned (-5 -> -6)
A: high MP 1, forlorn, divine attributes
a: no special abilities


You were on level 7 of the Dungeon.
You visited 1 branch of the dungeon, and saw 7 of its levels.

You collected 477 gold pieces.
You spent 172 gold pieces at shops.

Inventory:

Hand Weapons
 a - a +0 war axe of flaming (weapon)
 b - a +2 dagger of venom
 g - a +0 spear
 o - a +0 flail
 p - a +1 flail of holy wrath
 x - a +4 short sword of electrocution
 D - a +1 dagger of venom
 E - a +1 morningstar of venom
Missiles
 e - a throwing net
 h - 45 stones
 C - 2 boomerangs
 G - 4 poisoned darts (quivered)
Armour
 c - a +0 buckler
 f - a +0 pair of gloves (worn)
 l - a +0 pair of boots (worn)
 s - a +2 chain mail of cold resistance
 w - a +0 cloak (worn)
 y - an orb of mayhem (worn)
 F - a +0 plate armour (worn)
Jewellery
 n - an amulet of reflection
 t - a +4 ring of protection (left hand)
 z - a ring of protection from fire (right hand)
 A - the brooch of Shielding (around neck) {Spirit SH+8}
   (You found it on level 5 of the Dungeon)

   [amulet of guardian spirit]

   It causes incoming damage to be divided between your reserves of health and
   magic.
   SH:        It affects your SH (+8).
Wands
 m - a wand of flame (6)
 u - a wand of digging (2)
 I - a wand of acid (11)
Scrolls
 q - 4 scrolls of identify
 r - 4 scrolls of teleportation
 v - 2 scrolls of fear
Potions
 d - 2 potions of might
 i - 3 potions of curing
 j - a potion of heal wounds
 k - a potion of magic
 B - 2 potions of brilliance


   Skills:
 + Level 5.2 Fighting
 - Level 6.2 Short Blades
 * Level 5.8 Axes
 + Level 2.2 Throwing
 + Level 5.9 Armour
 + Level 1.6 Dodging
 + Level 1.1 Stealth
 + Level 5.3 Shields
 + Level 0.3 Evocations


You had 7 spell levels left.
You knew the following spells:

 Your Spells              Type           Power      Damage    Failure   Level
a - Apportation           Tloc           0%         N/A       99%         1

Your spell library contained the following spells:

 Spells                   Type           Power      Damage    Failure   Level
 Ensorcelled Hibernation  Hex/Ice        0%         N/A       100%        2
 Lesser Beckoning         Tloc           0%         N/A       100%        2
 Passwall                 Tmut/Erth      0%         N/A       100%        2
 Sublimation of Blood     Necr           0%         N/A       100%        2
 Wereblood                Tmut           0%         N/A       100%        2
 Gell's Gravitas          Tloc           0%         N/A       100%        3
 Stone Arrow              Conj/Erth      0%         3d7       100%        3
 Swiftness                Air            0%         N/A       100%        3
 Teleport Other           Tloc           0%         N/A       100%        3
 Anguish                  Hex/Necr       0%         N/A       100%        4
 Animate Armour           Summ/Erth      0%         N/A       100%        4
 Alistair's Intoxication  Tmut/Pois      0%         N/A       100%        5
 Enfeeble                 Hex            0%         N/A       100%        7
 Summon Hydra             Summ           0%         N/A       100%        7
 Lehudib's Crystal Spear  Conj/Erth      0%         10d2      100%        8


Dungeon Overview and Level Annotations

Branches:
Dungeon (7/15)             Temple (0/1) D:5

Shops:
D:4 *   D:6 *

Annotations:
D:4 1 transporter
D:7 Prince Ribbit


Innate Abilities, Weirdness & Mutations

You have an increased reservoir of magic. (+10% MP)
You shall have no god before yourself.
Your divine heritage dramatically boosts your attributes as you level up.


Message History

The killer bee stings you but does no damage.
The killer bee barely misses you.
Prince Ribbit hits the killer bee!!
The killer bee dies!
You block the killer bee's attack. Prince Ribbit hits you!
You block Prince Ribbit's attack.
The killer bee stings you but does no damage.
You block Prince Ribbit's attack. The killer bee closely misses you.
You see here a +0 mace.
You hit the killer bee but do no damage.
The killer bee is severely wounded.
You closely miss Prince Ribbit. Prince Ribbit barely misses you.
You block the killer bee's attack. You block Prince Ribbit's attack.
The killer bee stings you.
You are poisoned.
The killer bee poisons you!
You closely miss the killer bee.
The killer bee is severely wounded.
You hit Prince Ribbit but do no damage.
You feel very sick. Prince Ribbit hits you. You block the killer bee's attack.
Prince Ribbit hits you.
* * * LOW HITPOINT WARNING * * *
You block the killer bee's attack.
Prince Ribbit hits you but does no damage.
The killer bee closely misses you.
You hit the killer bee. You burn the killer bee.
You kill the killer bee!
You hit Prince Ribbit. You burn Prince Ribbit.
You feel sick. Prince Ribbit hits you!
* * * LOW HITPOINT WARNING * * *
Prince Ribbit barely misses you. Prince Ribbit attacks as you move away!
You block Prince Ribbit's attack.
You feel sick. Prince Ribbit hits you.
* * * LOW HITPOINT WARNING * * *
Unknown command.
You feel much better.
You feel sick.
Prince Ribbit looks more healthy.
Prince Ribbit barely misses you. Prince Ribbit hits you!!
* * * LOW HITPOINT WARNING * * *
You feel sick. Prince Ribbit hits you!!
You die...

#[.....##...#.....#......#......#
#...........#.....#......#......#
#...........#.....#.....##.....##
#...........#.†...#.....##.....##
'>..........#.....#.....##.....##
#########...#.....#.....##.....##
.....<..#...#....†#......'.......
...>....#...#....F'.....##.....##
........#...#.?.@.#.....##.....##
........#...#.....#.....##.......
......!.#...#.....#.....##.....##
........#...#.....#............#
........#####.....#.....##..>..#
######.. .........#.....##.....##
# .. .........#......#....... #
.........########....... #
.........#.....##.......


You could see the neutral Prince Ribbit (fast, strong, insane).

Vanquished Creatures
  Pikel (D:5)
  Grinder (D:5)
  2 fire bats (D:4)
  Menkaure (D:6)
  Duvessa (D:7)
  4 ice beasts
  A sky beast (D:6)
  A black bear (D:7)
  2 ogres
  A phantom (D:5)
  4 lemures (D:5)
  5 bullfrogs
  2 scorpions
  Dowan (D:7)
  3 killer bees (D:7)
  2 hounds (D:5)
  An orc priest (D:6)
  5 iguanas
  An orc wizard (D:6)
  Terence (D:3)
  6 adders
  2 shadow imps (D:6)
  2 white imps (D:6)
  A worm (D:3)
  3 dart slugs
  14 orcs
  5 endoplasms
  A giant cockroach (D:4)
  5 goblins
  6 hobgoblins
  7 jackals
  10 kobolds
  5 quokkas
  4 ball pythons
  6 bats
  2 frilled lizards (D:3)
  5 rats
124 creatures vanquished.

Vanquished Creatures (collateral kills)
  A bullfrog (D:6)
  3 killer bees (D:7)
  An orc wizard (D:6)
5 creatures vanquished.

Vanquished Creatures (others)
  6 demonic plants (D:6)
6 creatures vanquished.

Grand Total: 135 creatures vanquished

Notes
Turn   | Place    | Note
-------+----------+-------------------------------------------
     0 | D:1      | Mickster the Demigod Fighter began the quest for the Orb.
     0 | D:1      | Reached XP level 1. HP: 18/18 MP: 3/3
   285 | D:1      | Reached XP level 2. HP: 25/25 MP: 4/4
  1164 | D:2      | Reached XP level 3. HP: 28/31 MP: 5/5
  1628 | D:3      | Reached XP level 4. HP: 16/38 MP: 6/6
  2018 | D:3      | Noticed Terence
  2033 | D:3      | Killed Terence
  2328 | D:4      | Reached XP level 5. HP: 44/45 MP: 7/7
  2374 | D:4      | Found a transporter.
  2376 | D:4      | Noticed a fire bat
  2376 | D:4      | Noticed a fire bat
  2405 | D:4      | Found a transporter.
  2428 | D:4      | Killed a fire bat
  2458 | D:4      | Killed a fire bat
  2459 | D:4      | Reached skill level 5 in Axes
  2459 | D:4      | Reached XP level 6. HP: 31/51 MP: 8/8
  3015 | D:4      | Found Zoigra's Specific Store.
  3015 | D:4      | Found Reitaem's General Store.
  3051 | D:4      | Bought a +2 dagger of venom for 172 gold pieces
  3172 | D:5      | Entered Level 5 of the Dungeon
  3172 | D:5      | Noticed Pikel
  3202 | D:5      | Killed Pikel
  3203 | D:5      | Reached skill level 2 in Short Blades
  3203 | D:5      | Reached XP level 7. HP: 26/59 MP: 9/9
  3740 | D:5      | Found the brooch of Shielding {Spirit SH+8}
  3822 | D:5      | Reached XP level 8. HP: 66/66 MP: 10/10
  3868 | D:5      | Learned a level 1 spell: Apportation
  3962 | D:5      | Found a staircase to the Ecumenical Temple.
  4017 | D:5      | Reached skill level 1 in Dodging
  4069 | D:5      | Reached skill level 3 in Short Blades
  4248 | D:5      | Noticed Grinder
  4263 | D:5      | Killed Grinder
  4264 | D:5      | Reached skill level 5 in Armour
  4337 | D:6      | Found Oduylad's General Store.
  4353 | D:6      | Reached skill level 5 in Shields
  4501 | D:6      | Reached skill level 4 in Short Blades
  4729 | D:6      | Noticed Menkaure
  4763 | D:6      | Killed Menkaure
  4825 | D:6      | Reached skill level 5 in Short Blades
  4826 | D:6      | Reached skill level 1 in Throwing
  5337 | D:7      | Reached XP level 9. HP: 72/72 MP: 11/11
  5443 | D:7      | Noticed Duvessa
  5443 | D:7      | Noticed Dowan
  5461 | D:7      | Killed Dowan
  5470 | D:7      | Killed Duvessa
  5567 | D:7      | Reached skill level 6 in Short Blades
  5854 | D:7      | Reached skill level 1 in Stealth
  6294 | D:7      | Reached skill level 5 in Fighting
  6298 | D:7      | Noticed Prince Ribbit
  6313 | D:7      | Slain by Prince Ribbit

Illustrated notes

Levels and vault maps discovered:
D:1:      dpeg_arrival_concentric_ovals, layout_basic, minmay_misc_feat_ornament
D:2:      layout_rooms
D:3:      layout_basic, nicolae_uskayaw_dance_hall,
          mainiacjoe_overflow_alcove_1, uniq_terence
D:4:      gammafunk_cloud_chamber, layout_cave_pools, nicolae_specific_store
D:5:      minmay_polygon_palace, layout_loops_ring, elyvilon_altar_5,
          minmay_temple_entry_hall, uniq_grinder, uniq_pikel
D:6:      nicolae_cairo_tiling_large, layout_cave_pools, serial_shops,
          shop_statue, serial_demonic, serial_demonic_d, serial_demonic_b,
          serial_demonic_c, serial_demonic_b, uniq_menkaure
D:7:      layout_gridville, general_overflow_altar, uniq_prince_ribbit1,
          uniq_duvessa

Skill      XL: |  1  2  3  4  5  6  7  8  9 |
---------------+----------------------------+-----
Axes           | 2 3 5 |  5.8
Fighting       | 3 4 5 |  5.2
Shields        | 3 4 5 |  5.3
Armour         | 3 4 5 |  5.9
Short Blades   | 2 5 6 |  6.2
Dodging        | 1 |  1.6
Throwing       | 1 2 |  2.2
Stealth        | 1 |  1.1
Evocations     | |  0.3

Action                     |  1- 3 |  4- 6 |  7- 9 || total
---------------------------+-------+-------+-------++-------
  Melee: War axe           |   117 |    92 |    21 ||   230
         Dagger            |       |    28 |     6 ||    34
         Short sword       |       |       |   221 ||   221
  Throw: Dart              |       |       |    22 ||    22
         Throwing net      |       |       |     2 ||     2
  Evoke: Wand              |       |     2 |       ||     2
    Use: Potion            |     4 |     4 |     5 ||    13
         Scroll            |     3 |     2 |     4 ||     9
   Stab: Held in net/web   |       |       |     2 ||     2
         Distracted        |       |       |     1 ||     1
         Invisible         |       |       |     1 ||     1
 Armour: Scale mail        |    73 |    20 |       ||    93
         Chain mail        |       |    54 |    77 ||   131
         Plate armour      |       |       |    44 ||    44
  Dodge: Dodged            |    66 |    55 |    88 ||   209
  Block: Buckler           |    27 |    74 |     3 ||   104
         Reflection        |       |     1 |       ||     1
         Orb               |       |       |    72 ||    72

Table legend: (Time is in decaauts)
 A = Elapsed time spent in this place.
 B = Non-inter-level travel time spent in this place.
 C = Inter-level travel time spent in this place.
 D = Time resting spent in this place.
 E = Time spent auto-exploring this place.
 F = Levels seen in this place.
 G = Mean time per level.
                   A        B        C        D        E       F      G
               +--------+--------+--------+--------+--------+-----+--------+
         Total |   6364 |   5970 |    394 |   1049 |      0 |   7 |  909.1 |
       Dungeon |   6364 |   5970 |    394 |   1049 |      0 |   7 |  909.1 |
               +--------+--------+--------+--------+--------+-----+--------+

Top non-repeatable levels by time:
     D:5: 1173 daAuts
     D:1: 1024 daAuts
     D:7: 1011 daAuts
     D:3: 935 daAuts
     D:6: 927 daAuts
     D:4: 860 daAuts
     D:2: 432 daAuts
